 Dungeon Crawl Stone Soup version 0.32-a0-799-g95e1662365 (webtiles) character file.

Game seed: 5727902979183775163

203 Griffin23 the Trooper (level 5, -1/47 HPs)
             Began as a Minotaur Fighter on Mar 21, 2024.
             Slain by a gnoll
             ... wielding a +0 spear
             ... led by a gnoll sergeant
              (6 damage)
             ... on level 4 of the Dungeon.
             The game lasted 00:02:43 (2899 turns).

Griffin23 the Trooper (Minotaur Fighter)            Turns: 2899, Time: 00:02:44

Health: -1/47      AC:  9    Str: 23    XL:     5   Next: 51%
Magic:  4/4        EV:  8    Int:  5    God:
Gold:   310        SH:  4    Dex:  9    Spells: 4/4 levels left

rFire   . . .        a - +0 long sword (heavy)
rCold   . . .        c - +0 buckler
rNeg    . . .        b - +0 scale mail
rPois   .            (helmet restricted)
rElec   .            (no cloak)
rCorr   .            o - +1 pair of gloves
SInv    .            (no boots)
Will    .....        (no amulet) Stlth
                     (no ring)
HPRegen 0.27/turn    (no ring)
MPRegen 0.09/turn

%: no passive effects
@: mighty
A: horns 2, retaliatory headbutt
a: no special abilities


You were on level 4 of the Dungeon.
You visited 1 branch of the dungeon, and saw 4 of its levels.

You collected 310 gold pieces.

Inventory:

Hand Weapons
 a - a +0 heavy long sword (weapon)
Missiles
 i - a throwing net (quivered)
Armour
 b - a +0 scale mail (worn)
 c - a +0 buckler (worn)
 o - a +1 pair of gloves (worn)
Jewellery
 k - a +4 ring of protection
Wands
 p - a wand of roots (8)
 q - a wand of flame (18)
Scrolls
 e - 4 scrolls of identify {unknown}
 f - a scroll of enchant weapon {unknown}
 n - a scroll of silence {unknown}
 s - a scroll of teleportation {unknown}
Potions
 d - a potion of might
 g - a potion of curing {unknown}
 h - a potion of degeneration {unknown}
 l - a potion of brilliance {unknown}
 r - a potion of enlightenment {unknown}
Miscellaneous
 t - a lightning rod (4/4)


   Skills:
 + Level 4.8 Fighting
 * Level 4.4 Long Blades
 + Level 4.7 Armour
 + Level 4.8 Shields


You had 4 spell levels left.
You didn't know any spells.
Your spell library contained the following spells:

 Spells                   Type           Power      Damage    Failure   Level
 Gell's Gravitas          Tloc           0%         N/A       99%         3
 Hailstorm                Conj/Ice       0%         3d5       99%         3
 Stone Arrow              Conj/Erth      0%         3d7       99%         3
 Summon Ice Beast         Ice/Summ       0%         N/A       99%         3
 Teleport Other           Tloc           0%         N/A       99%         3
 Animate Armour           Summ/Erth      0%         N/A       100%        4
 Dispersal                Tloc           0%         N/A       100%        6
 Permafrost Eruption      Ice/Erth       0%         2x4d2     100%        6
 Sculpt Simulacrum        Ice/Alch       0%         N/A       100%        6
 Lehudib's Crystal Spear  Conj/Erth      0%         10d2      100%        8


Dungeon Overview and Level Annotations

Branches:
Dungeon (4/15)
 Temple: D:4-7

Altars:
Uskayaw


Innate Abilities, Weirdness & Mutations

You have a pair of horns on your head.
You reflexively headbutt those who attack you in melee.


Message History

The gnoll sergeant hits you with a +0 spear.
The gnoll hits you from afar with a +0 spear.
There are monsters nearby!
The gnoll sergeant blocks your attack.
You headbutt the gnoll sergeant, but do no damage.
The gnoll sergeant hits you but does no damage.
The gnoll hits you from afar with a +0 spear.
There are monsters nearby!
You completely miss the gnoll sergeant.
Your headbutt misses the gnoll sergeant.
The gnoll sergeant hits you with a +0 spear!
The gnoll hits you from afar with a +0 spear.
The gnoll hits you but does no damage. The gnoll sergeant barely misses you.
There are monsters nearby!
You are too injured to fight recklessly!
There are monsters nearby!
You feel very mighty all of a sudden.
The gnoll sergeant hits you with a +0 spear.
* * * LOW HITPOINT WARNING * * *
You block the gnoll's attack.
You barely miss the gnoll sergeant.
The gnoll hits you from afar with a +0 spear.
* * * LOW HITPOINT WARNING * * *
The gnoll sergeant hits you with a +0 spear.
* * * LOW HITPOINT WARNING * * *
Okay, then.
As you read the scroll labelled NAATUE HIKU, it crumbles to dust.
Your body is wracked with pain!
* * * LOW HITPOINT WARNING * * *
The gnoll sergeant convulses!
The gnoll convulses! x2
It was a scroll of torment.
The gnoll sergeant hits you but does no damage.
You block the gnoll's attack.
As you read the scroll labelled RARCHA HITIMAPT, it crumbles to dust.
It is a scroll of brand weapon.
Your +0 long sword becomes incredibly heavy!
a - a +0 heavy long sword (weapon)
The gnoll sergeant barely misses you.
The gnoll hits you from afar with a +0 spear.
You die...

##..######.#####
####.## #......
#.....# #..####
#.##.#######.....<
#.#............###
#.#..#######.#....
#†#..# #.#####
#.#..# #.. #@####
## #.ggg....
#########


You could see a gnoll sergeant and 2 gnolls.

Vanquished Creatures
  A howler monkey (D:4)
  A hound (D:4)
  6 adders
  2 gnolls (D:4)
  2 dart slugs
  3 ribbon worms
  An orc (D:4)
  2 bats
  7 endoplasms
  2 giant cockroaches
  5 goblins
  A hobgoblin (D:4)
  4 jackals
  2 quokkas (D:1)
  6 frilled lizards
  6 kobolds
  8 rats
59 creatures vanquished.

Notes
Turn   | Place    | Note
-------+----------+-------------------------------------------
     0 | D:1      | Griffin23 the Minotaur Fighter began the quest for the Orb.
     0 | D:1      | Reached XP level 1. HP: 19/19 MP: 0/0
   528 | D:1      | Reached XP level 2. HP: 27/27 MP: 1/1
   911 | D:2      | Found a hide-covered altar of Uskayaw.
   939 | D:2      | Reached XP level 3. HP: 33/33 MP: 2/2
  1671 | D:2      | Found a faded altar of an unknown god.
  2036 | D:3      | Reached XP level 4. HP: 32/41 MP: 3/3
  2689 | D:4      | Reached XP level 5. HP: 42/47 MP: 4/4
  2899 | D:4      | Slain by a gnoll

Illustrated notes

Levels and vault maps discovered:
D:1:      eino_arrival_water_cross, layout_basic, kennysheep_minor_cross,
          serial_bayou_lagoon_b
D:2:      layout_loops_ring, shapermc_ecumenical_altar_mp_vishouse, basic_altar,
          dk_noncrumbling_4
D:3:      layout_basic, minmay_misc_feat_diagonals
D:4:      layout_basic, minmay_checkerbox

Skill      XL: |  1  2  3  4 |
---------------+-------------+-----
Fighting       | 4 |  4.8
Long Blades    | 3 4 |  4.4
Armour         | 4 |  4.7
Shields        | 4 |  4.8

Action                     |  1- 3 |  4- 6 || total
---------------------------+-------+-------++-------
  Melee: Long sword        |    94 |    66 ||   160
         Headbutt          |    10 |    12 ||    22
    Use: Scroll            |       |     2 ||     2
         Potion            |       |     1 ||     1
 Armour: Scale mail        |    68 |    50 ||   118
  Dodge: Dodged            |    50 |    31 ||    81
  Block: Buckler           |    28 |    21 ||    49

Table legend: (Time is in decaauts)
 A = Elapsed time spent in this place.
 B = Non-inter-level travel time spent in this place.
 C = Inter-level travel time spent in this place.
 D = Time resting spent in this place.
 E = Time spent auto-exploring this place.
 F = Levels seen in this place.
 G = Mean time per level.
                   A        B        C        D        E       F      G
               +--------+--------+--------+--------+--------+-----+--------+
         Total |   2956 |   2681 |    275 |      0 |   2272 |   4 |  739.0 |
       Dungeon |   2956 |   2681 |    275 |      0 |   2272 |   4 |  739.0 |
               +--------+--------+--------+--------+--------+-----+--------+

Top non-repeatable levels by time:
     D:2: 1123 daAuts
     D:1: 921 daAuts
     D:4: 462 daAuts
     D:3: 449 daAuts
